 Dungeon Crawl Stone Soup version 0.27.1-1-g398f81649c (webtiles) character file.

Game seed: 3241386962485072769

8 Descartes the Ducker (level 2, 0/14 HPs)
             Began as a Spriggan Wanderer on Sept 15, 2021.
             Slain by a hobgoblin (1 damage)
             ... on level 1 of the Dungeon.
             The game lasted 00:01:02 (215 turns).

Descartes the Ducker (Spriggan Wanderer)             Turns: 215, Time: 00:01:03

Health: 0/14       AC:  4    Str:  7    XL:     2   Next: 0%
Magic:  6/6        EV: 18    Int: 13    God:
Gold:   11         SH:  0    Dex: 15    Spells: 6/6 levels left

rFire    . . .     SeeInvis +   a - +0 dagger
rCold    . . .     Faith    .   (shield restricted)
rNeg     . . .     Spirit   .   c - +2 robe
rPois    .         Reflect  .   (helmet restricted)
rElec    .         Harm     .   (no cloak)
rCorr    .         Rampage  .   (gloves unavailable)
Will     .....                  (boots unavailable)
Stlth    ++........             (no amulet)
HPRegen  0.04/turn              (no ring)
MPRegen  0.10/turn              (no ring)

@: very quick
A: very small, no large weapons, unfitting armour, see invisible, speed 3
a: no special abilities


You were on level 1 of the Dungeon.
You visited 1 branch of the dungeon, and saw 1 of its levels.

You collected 11 gold pieces.

Inventory:

Hand Weapons
 a - a +0 dagger (weapon)
Missiles
 d - 15 stones (quivered)
Armour
 c - a +2 robe (worn)
Potions
 b - a potion of lignification
 e - a potion of mutation {unknown}


   Skills:
 - Level 1.0 Fighting
 + Level 0.9 Short Blades
 - Level 1.0 Staves
 + Level 4.2 Dodging
 + Level 3.4 Stealth
 - Level 2.6 Spellcasting
 - Level 1.0 Ice Magic


You had 6 spell levels left.
You didn't know any spells.
Your spell library contained the following spells:

 Spells                   Type           Power      Damage    Failure   Level
 Corpse Rot               Necr/Air       N/A        N/A       34%         2
 Sublimation of Blood     Necr           0%         N/A       34%         2


Dungeon Overview and Level Annotations

Branches:
Dungeon (1/15)

Altars:


Innate Abilities, Weirdness & Mutations

You are very small and have problems with some larger weapons.
You are too small for most types of armour.
You have supernaturally acute eyesight. (SInv)
You cover ground extremely quickly. (Speed+++)


Message History

The dart slug is almost dead.
The hobgoblin closely misses you. The dart slug misses you.
You hit the dart slug.
You kill the dart slug!
The hobgoblin misses you.
You have reached level 2!
You closely miss the hobgoblin. The hobgoblin closely misses you.
You closely miss the hobgoblin. The hobgoblin hits you.
You barely miss the hobgoblin. The hobgoblin hits you.
You are too injured to fight recklessly!
You are too injured to fight recklessly!
You are too injured to fight recklessly!
You are too injured to fight recklessly!
You are too injured to fight recklessly!
You are too injured to fight recklessly!
You are too injured to fight recklessly!
You are too injured to fight recklessly!
You are too injured to fight recklessly!
You are too injured to fight recklessly!
You are too injured to fight recklessly!
You are too injured to fight recklessly!
You are too injured to fight recklessly!
You are too injured to fight recklessly!
You are too injured to fight recklessly!
You are too injured to fight recklessly!
The hobgoblin hits you. The hobgoblin misses you.
You barely miss the hobgoblin. The hobgoblin hits you.
* * * LOW HITPOINT WARNING * * *
You hit the hobgoblin.
The hobgoblin is heavily wounded.
The hobgoblin closely misses you.
You closely miss the hobgoblin.
The hobgoblin is heavily wounded.
The hobgoblin hits you.
* * * LOW HITPOINT WARNING * * *
You barely miss the hobgoblin.
The hobgoblin is moderately wounded.
The hobgoblin hits you.
You die...

#........
#........
#........
#........
###.###........
...............
.##.###........
#g.......
#@.......
#.####### ## #.#
#. #.# #.
#.###############.
#..)..............
##################


You could see a hobgoblin.

Vanquished Creatures
  A dart slug (D:1)
  2 bats (D:1)
  2 goblins (D:1)
5 creatures vanquished.

Notes
Turn   | Place    | Note
-------+----------+-------------------------------------------
     0 | D:1      | Descartes the Spriggan Wanderer began the quest for the
                  | Orb.
     0 | D:1      | Descartes set off with the following items: a +0 dagger, a
                  | potion of lignification, a +2 robe; and the following
                  | spells available to memorise: Corpse Rot, Sublimation of
                  | Blood
     0 | D:1      | Reached XP level 1. HP: 10/10 MP: 5/5
   201 | D:1      | Reached XP level 2. HP: 14/14 MP: 6/6
   215 | D:1      | Slain by a hobgoblin

Illustrated notes

Levels and vault maps discovered:
D:1:      minmay_arrival_diagonal_passages, layout_basic

Action                   || total
-------------------------++-------
Melee: Dagger            ||    45
Armor: Robe              ||    14
Dodge: Dodged            ||    41
